 Dungeon Crawl Stone Soup version 0.22.1-6-g1668fe2 (webtiles) character file.

277 Mrkaede the Bolt Thrower (level 6, -1/51 HPs)
             Began as a Centaur Hunter on Jan 20, 2019.
             Slain by a slave (9 damage)
             ... led by Pikel
             ... on level 4 of the Dungeon on Jan 27, 2019.
             The game lasted 00:09:08 (3647 turns).

Mrkaede the Bolt Thrower (Centaur Hunter)           Turns: 3647, Time: 00:09:09

Health: -1/51      AC:  4    Str: 15    XL:     6   Next: 4%
Magic:  6/6        EV: 10    Int: 10    God:
Gold:   211        SH:  0    Dex: 11    Spells: 5/5 levels left

rFire    . . .     SeeInvis .   b - +0 short sword
rCold    . . .     Gourm    .   (no shield)
rNeg     . . .     Faith    .   c - +0 leather armour
rPois    +         Spirit   .   (no helmet)
rElec    .         Reflect  .   (no cloak)
rCorr    .         Harm     .   (no gloves)
MR       .....                  (no barding)
Stlth    +.........             i - amulet of regeneration
HPRegen  0.57/turn              h - +3 ring of slaying
MPRegen  0.10/turn              l - ring of poison resistance

@: very quick
A: large, hooves 3, deformed body, speed 2, tough skin 3
a: no special abilities


You were on level 4 of the Dungeon.
You were not hungry.

You visited 1 branch of the dungeon, and saw 5 of its levels.

You collected 211 gold pieces.

Inventory:

Hand Weapons
 a - a +1 hand crossbow
 b - a +0 short sword (weapon)
Missiles
 d - 31 bolts
Armour
 c - a +0 leather armour (worn)
Jewellery
 h - a +3 ring of slaying (left hand)
 i - an amulet of regeneration (around neck)
 l - a ring of poison resistance (right hand)
 q - an uncursed amulet of faith
Scrolls
 g - 4 scrolls of enchant weapon {unknown}
 j - a scroll of teleportation {unknown}
 k - 7 scrolls of identify {unknown}
 m - 2 scrolls of remove curse {unknown}
 n - a scroll of fear {unknown}
 o - a scroll of magic mapping {unknown}
 p - a scroll of amnesia {unknown}
 r - a scroll of blinking {unknown}
Potions
 e - 3 potions of curing
Comestibles
 f - 4 rations
 s - a chunk of flesh


   Skills:
 * Level 3.3 Fighting
 + Level 1.4 Short Blades
 * Level 5.3 Crossbows
 * Level 1.7 Armour
 * Level 2.5 Dodging
 + Level 1.1 Stealth


You had 5 spell levels left.
You didn't know any spells.
Your spell library was empty.

Dungeon Overview and Level Annotations

Branches:
Dungeon (5/15)
 Temple: D:4-7

Altars:
Nemelex Xobeh

Annotations:
D:4 Pikel


Innate Abilities, Weirdness & Mutations

You have hooves in place of feet.
Armour fits poorly on your strangely shaped body.
You cover ground very quickly.
You have extremely tough skin. (AC +3)


Message History

The orc barely misses you.
Your leather armour prevents you from hitting the orc wizard.
Your kick misses the orc wizard.
The orc wizard is heavily wounded.
The orc wizard hits you with a dagger. The slave hits you!
* * * LOW HITPOINT WARNING * * *
The slave hits you but does no damage. The orc wizard closely misses you.
You hit the orc wizard. Your kick misses the orc wizard.
The orc wizard is heavily wounded.
The slave hits you.
* * * LOW HITPOINT WARNING * * *
The orc wizard hits you with a dagger.
* * * LOW HITPOINT WARNING * * *
The orc hits you with a hand axe.
* * * LOW HITPOINT WARNING * * *
The slave misses you.
You closely miss the orc wizard. You kick the orc wizard.
The orc wizard is severely wounded.
The orc wizard closely misses you. The slave hits you!
You die...

.... ... ###
######..
#..#####......####
##.....(.........
###p#####..........
.#..# #.poo......
#.#.#######@#
#.#.##..o.p[#
#.#.##K######
#.#.##># #.#.##.#
#......########
###.###........
#........####
#.>......#


You could see Pikel, 2 slaves, an orc wizard and 2 orcs.

Vanquished Creatures
  3 orc priests
  An iguana (D:4)
  5 adders
  2 oozes
  2 worms (D:2)
  5 dart slugs
  A leopard gecko (D:3)
  12 orcs
  2 giant cockroaches
  13 goblins
  8 hobgoblins
  2 quokkas
  4 ball pythons
  2 bats (D:2)
  7 frilled lizards
  8 kobolds
  7 rats
84 creatures vanquished.

Notes
Turn   | Place    | Note
-------+----------+-------------------------------------------
     0 | D:1      | Mrkaede the Centaur Hunter began the quest for the Orb.
     0 | D:1      | Reached XP level 1. HP: 17/17 MP: 1/1
   275 | D:1      | Reached XP level 2. HP: 12/24 MP: 2/2
   893 | D:1      | Reached XP level 3. HP: 29/30 MP: 3/3
  1568 | D:2      | Reached skill level 1 in Armour
  1752 | D:2      | Reached XP level 4. HP: 35/37 MP: 4/4
  2232 | D:3      | Found a sparkling altar of Nemelex Xobeh.
  2305 | D:3      | Reached skill level 1 in Short Blades
  2305 | D:3      | Reached skill level 5 in Crossbows
  2715 | D:3      | Reached XP level 5. HP: 42/44 MP: 5/5
  2764 | D:3      | Reached skill level 1 in Stealth
  3388 | D:3      | You fall through a shaft for 2 floors!
  3388 | D:5      | Entered Level 5 of the Dungeon
  3614 | D:4      | Noticed a slave
  3617 | D:4      | Noticed Pikel
  3639 | D:4      | Noticed a slave
  3642 | D:4      | Reached XP level 6. HP: 36/51 MP: 6/6
  3647 | D:4      | Slain by a slave

Skill      XL: |  1  2  3  4  5 |
---------------+----------------+-----
Armour         | 1 |  1.7
Dodging        | 2 |  2.5
Short Blades   | 1 |  1.4
Crossbows      | 5 |  5.3
Fighting       | 3 |  3.3
Stealth        | 1 |  1.1

Action                   |  1- 3 |  4- 6 || total
-------------------------+-------+-------++-------
Melee: Short sword       |    99 |    96 ||   195
       Kick              |    18 |    28 ||    46
 Fire: Hand crossbow     |     8 |    13 ||    21
  Eat: Chunk             |     2 |     5 ||     7
Armor: Leather armour    |    30 |    23 ||    53
Dodge: Dodged            |    33 |    38 ||    71
